[Event "Team 45 45 League T68"]
[Site "Internet Chess Club"]
[Date "2016.05.01"]
[Round "8"]
[White "mongmong"]
[Black "nosir"]
[Result "1-0"]
[WhiteElo "1516"]
[BlackElo "1522"]
[Opening "King's Indian: Gligoric-Taimanov system"]
[ECO "E92"]
[Time "20:30:28"]
[TimeControl "2700+45"]

1. d4 Nf6 2. Nf3 g6 3. c4 Bg7 4. Nc3 O-O 5. e4 d6 6. Be2 e5 7. Be3 exd4 8. Nxd4
Bd7 9. O-O Nc6 10. Nxc6 Bxc6 11. f3 Re8 12. Qd2 Bd7 13. Rad1 Qe7 14. b3 a6 15.
Rfe1 Rad8 16. Bd4 Bc8 17. Bxf6 Qxf6 18. Nd5 Qe5 19. Nxc7 Re7 20. Nd5 Ree8 21.
Qf4 Qb2 22. Rd2 Qa3 23. Nf6+ Bxf6 24. Qxf6 Re6 25. Qxd8+ Kg7 26. Red1 Qc5+ 27.
Kh1 b6 28. Rxd6 Qf2 29. Rxe6 Bxe6 30. Qd4+ Qxd4 31. Rxd4 Kf6 32. Rd6 Ke5 33.
Rxb6 Bc8 34. Rb8 Bd7 35. Ra8 Be6 36. Rxa6 Kd4 37. Kg1 Bc8 38. Ra7 Be6 39. Kf2
Kc5 40. Ra8 Kb4 41. Ke3 h6 42. Kd4 Bd7 43. Ra7 Be6 44. Ra4# {Black checkmated}
1-0

[Event "Team 45 45 League T68"]
[Site "Internet Chess Club"]
[Date "2016.05.02"]
[Round "8"]
[White "PaulRichard"]
[Black "Gilguli"]
[Result "1-0"]
[WhiteElo "1781"]
[BlackElo "1453"]
[Opening "English: symmetrical, four knights system"]
[ECO "A30"]
[Time "15:45:21"]
[TimeControl "2700+45"]

1. Nf3 Nf6 2. c4 c5 3. Nc3 Nc6 4. d4 cxd4 5. Nxd4 g6 6. e4 d6 7. Be2 Bg7 8. Be3
O-O 9. O-O Nxd4 10. Bxd4 b6 11. f3 Bb7 12. Qd2 Rc8 13. Rad1 Nd7 14. Bxg7 Kxg7
15. Qe3 e5 16. Rxd6 Qe7 17. Rfd1 Nc5 18. b4 Ne6 19. Rd7 Qxb4 20. Rxb7 Nd4 21.
Nb5 Ne6 22. Nxa7 Qa4 23. Nxc8 Rxc8 24. Qxb6 Rxc4 25. Qxe6 {Black resigns} 1-0

[Event "Team 45 45 League T68"]
[Site "Internet Chess Club"]
[Date "2016.04.30"]
[Round "8"]
[White "Toalla"]
[Black "g8wrb"]
[Result "1/2-1/2"]
[WhiteElo "1298"]
[BlackElo "1315"]
[Opening "Nimzovich-Larsen attack: modern variation"]
[ECO "A01"]
[Time "15:01:45"]
[TimeControl "2700+45"]

1. b3 e5 2. Bb2 Nc6 3. e4 Bc5 4. Nf3 d6 5. Bb5 Nf6 6. Bxc6+ bxc6 7. d4 exd4 8.
Bxd4 Bxd4 9. Qxd4 O-O 10. O-O Re8 11. Nbd2 Bg4 12. Rae1 Qd7 13. c4 c5 14. Qd3
Re7 15. Nh4 Rae8 16. f3 Bh5 17. Nf5 Re6 18. Re3 Bg6 19. Ng3 Nh5 20. Nxh5 Bxh5
21. f4 h6 22. Qd5 c6 23. Qxh5 R8e7 24. g4 Rg6 25. Rg3 Qb7 26. h4 Qb4 27. g5 Qxd2
28. Rg2 Qe3+ 29. Kh2 Qxe4 30. Qf3 Qf5 31. Qxc6 hxg5 32. Rxg5 Rxg5 33. Qa8+ Kh7
34. hxg5 Re2+ 35. Kg3 Re3+ 36. Rf3 Rxf3+ 37. Qxf3 g6 38. Qb7 Qd3+ 39. Qf3 Qxf3+
40. Kxf3 Kg7 41. Ke4 Kf8 42. Kd5 Ke7 43. a3 Kd7 44. b4 cxb4 45. axb4 Kc7 46. b5
Kd7 47. c5 dxc5 48. Kxc5 Kc7 {Game drawn by mutual agreement} 1/2-1/2